 Dungeon Crawl Stone Soup version 0.30.0-19-g36f170ea60 (webtiles) character file.

Game seed: 1570153350166488784

46 cdecastro the Insei (level 3, 0/26 HPs)
             Began as a Merfolk Transmuter on May 29, 2023.
             Slain by an adder (3 damage)
             ... on level 1 of the Dungeon.
             The game lasted 00:03:21 (1245 turns).

cdecastro the Insei (Merfolk Transmuter)            Turns: 1245, Time: 00:03:21

Health: 0/26       AC:  2    Str: 10    XL:     3   Next: 68%
Magic:  5/6        EV: 12    Int: 14    God:
Gold:   68         SH:  0    Dex: 14    Spells: 3/6 levels left

rFire   . .          .
                       - Unarmed
rCold   . . .        (no shield)
rNeg    . . .        a - +0 robe
rPois   .            (no helmet)
rElec   .            (no cloak)
rCorr   .            (no gloves)
SInv    .            (no boots)
Will    .....        (no amulet)
Stlth   +            (no ring)
HPRegen 0.24/turn    (no ring)
MPRegen 0.10/turn

%: no passive effects
@: very slightly contaminated
A: (nimble swimmer 2), mertail
a: no special abilities


You were on level 1 of the Dungeon.
You visited 1 branch of the dungeon, and saw 2 of its levels.

You collected 68 gold pieces.

Inventory:

Missiles
 f - 3 boomerangs
Armour
 a - a +0 robe (worn)
 i - a +0 ring mail
Scrolls
 c - 2 scrolls of vulnerability {unknown}
 d - 2 scrolls of blinking {unknown}
 e - 2 scrolls of fog {unknown}
Potions
 b - a potion of lignification
 g - a potion of invisibility {unknown}
 h - 3 potions of curing {unknown}


   Skills:
 - Level 1.1 Fighting
 - Level 2.6 Dodging
 * Level 4.5 Unarmed Combat
 - Level 2.0 Spellcasting
 + Level 3.7 Transmutations


You had 3 spell levels left.
You knew the following spells:

 Your Spells              Type           Power      Damage    Failure   Level
a - Beastly Appendage     Tmut           22%        N/A       5%          1
b - Wereblood             Tmut           11%        N/A       8%          2

Your spell library contained the following spells:

 Spells                   Type           Power      Damage    Failure   Level
 Passwall                 Tmut/Erth      5%         N/A       17%         2
 Sandblast                Erth           2%         2d4       24%         1
 Spider Form              Tmut/Pois      6%         N/A       32%         3
 Stone Arrow              Conj/Erth      2%         3d7       56%         3
 Volatile Blastmotes      Fire/Tloc      2%         2d10      56%         3
 Ice Form                 Ice/Tmut       6%         N/A       73%         4
 Fulminant Prism          Conj/Hex       0%         3d5       93%         4
 Iskenderun's Mystic Bla  Conj/Tloc      1%         2d3       93%         4
 Lee's Rapid Deconstruct  Erth           0%         3d4*      100%        5


Dungeon Overview and Level Annotations

Branches:
Dungeon (2/15)

Altars:


Innate Abilities, Weirdness & Mutations

((You are very nimble when in or above water. (Stealth+, EV+, Speed+++)))
Your lower body shifts to a powerful aquatic tail in water.


Message History

There is a stone staircase leading down here.
Unknown command.
The quokka attacks as you move away! The quokka bites you.
The adder misses you. The adder bites you. The quokka bites you.
The quokka attacks as you move away! The quokka bites you.
* * * LOW HITPOINT WARNING * * *
The adder closely misses you.
You hit the adder but do no damage. The adder bites you.
* * * LOW HITPOINT WARNING * * *
You hit the adder. You headbutt the adder.
The adder is moderately wounded.
The adder bites you.
* * * LOW HITPOINT WARNING * * *
You miss the adder.
The adder is moderately wounded.
The adder bites you.
* * * LOW HITPOINT WARNING * * *
You hit the adder. Your headbutt misses the adder.
The adder is almost dead.
The adder barely misses you.
You closely miss the adder.
The adder is almost dead.
Your horns disappear.
The adder bites you.
* * * LOW HITPOINT WARNING * * *
You miss the adder.
The adder is almost dead.
The adder misses you. The adder bites you.
* * * LOW HITPOINT WARNING * * *
Casting: Beastly Appendage (safe; 5% risk of failure)
Press: ? - help, Q - select action, (/) - cycle Dir - look around, f - activate You miscast Beastly Appendage.
You are very lightly contaminated with residual magic.
Nothing appears to happen.
The adder misses you.
You closely miss the adder.
The adder is almost dead.
The adder bites you.
You die...

#...#......'..........####
####...#......####.##..#....#
...+.........(...#.###....#.#
####...###+#'###.#.# ###..#.#
.................#.#####..#.#
............)...>#.#......#.#
........##......r#.#.####.#.##
........####.###S#...# #.#..#
........####.# #@##### #.##.#
..........##.###.# #.##.#
........#.##.##..# #.##.##
(.........##.##.## #.....#
#...#'######.#..# #######
###.#..........##
#........#...###
#.#.####...### #.#.####..##


You could see an adder and a quokka.

Vanquished Creatures
  A gnoll (D:1)
  2 dart slugs (D:1)
  4 bats (D:1)
  3 endoplasms (D:1)
  A giant cockroach (D:1)
  2 goblins (D:1)
  2 hobgoblins (D:1)
  2 jackals (D:1)
  5 kobolds (D:1)
  3 ball pythons (D:1)
  2 frilled lizards (D:1)
  3 rats (D:1)
30 creatures vanquished.

Notes
Turn   | Place    | Note
-------+----------+-------------------------------------------
     0 | D:1      | cdecastro the Merfolk Transmuter began the quest for the
                  | Orb.
     0 | D:1      | Reached XP level 1. HP: 15/15 MP: 3/3
   122 | D:1      | Reached XP level 2. HP: 14/21 MP: 3/5
   336 | D:1      | Reached skill level 4 in Unarmed Combat
   469 | D:1      | Reached XP level 3. HP: 5/26 MP: 4/6
   487 | D:1      | Learned a level 2 spell: Wereblood
  1245 | D:1      | Slain by an adder

Illustrated notes

Levels and vault maps discovered:
D:1:      dpeg_arrival_rooms_a, layout_basic, minmay_split_cup_small
D:2:      layout_rooms, basic_altar, grunt_decor_cap, st_stairs_12,
          corexii_item_surrounded_by_moat, amethyst_killhole

Skill      XL: |  1  2 |
---------------+-------+-----
Transmutations | 3 |  3.7
Unarmed Combat | 4 |  4.5
Fighting       | |  1.1
Dodging        | |  2.6
Spellcasting   | |  2.0

Action                     || total
---------------------------++-------
  Melee: Unarmed           ||    88
         Headbutt          ||    13
         Punch             ||     1
   Cast: Beastly Appendage ||    19
   Stab: Sleeping          ||     1
 Armour: Robe              ||    17
  Dodge: Dodged            ||    55
